Map: Rhoskallian LE

Players

MattBarry

  • Race: Terran Terran
  • League: Gold
  • Spawn Location: 6:00

MattBarry

  • Race: Zerg Zerg
  • Spawn Location: 5:00

WaLas

  • Race: Protoss Protoss
  • League: Diamond
  • Spawn Location: 12:00

Brynn

  • Race: Zerg Zerg
  • Spawn Location: 11:00

VOD

Have the link to the VOD?

Description

Time

  • Played on: Jan. 15, 2023, 8:28 p.m.
  • Length: 11:11
Show
View Real Time Build Order
Export as new Build Order

MattBarry Terran 

Build Orders: 2 Factory, Hellion Opening, Mech 

Get SALT Encoding   

  12  0:00  SCV  
  13  0:12  SCV  
  14  0:19  Supply Depot  
  14  0:24  SCV  
  15  0:35  Refinery  
  15  0:40  SCV  
  16  0:46  Barracks  
  16  0:52  SCV  
  17  1:05  SCV  
  18  1:17  SCV  
  19  1:25  Supply Depot  
  19  1:29  SCV  
  20  1:33  Reaper  
  21  1:41  Orbital Command  
  21  2:00  Command Center  
  21  2:09  SCV  
  21  2:11  Factory  
  21  2:15  Barracks Reactor  
  22  2:21  SCV  
  23  2:23  Refinery  
  23  2:33  SCV  
  24  2:55  SCV  
  25  3:13  Orbital Command  
  25  3:14  SCV  
  25  3:15  Factory  
  25  3:16  Hellion x2  
  25  3:18  Barracks Tech Lab  
  25  3:19  Supply Depot  
  30  3:27  SCV  
  31  3:31  Starport  
  31  3:37  Hellion x2  
  31  3:40  Orbital Command  
  34  3:47  SCV  
  35  3:59  Hellion x2  
  39  4:09  SCV x2  
  41  4:21  Starport Reactor, SCV x2  
  43  4:33  SCV x2, Command Center  
  45  4:39  Siege Tank  
  49  4:45  SCV x2  
  50  4:57  SCV  
  50  4:58  SCV  
  50  5:17  SCV x2  
  46  5:21  Widow Mine x2  
  46  5:22  Siege Tank  
  46  5:24  Viking x2  
  53  5:29  Refinery  
  53  5:30  Refinery  
  53  5:32  Supply Depot, SCV  
  53  5:34  Supply Depot  
  54  5:37  SCV  
  54  5:40  Factory  
  55  5:44  SCV  
  55  5:48  Widow Mine x2  
  55  5:49  SCV  
  61  5:54  Armory  
  61  5:56  Viking, SCV, Engineering Bay  
  64  6:01  Orbital Command, SCV  
  65  6:16  Widow Mine x2  
  65  6:17  SCV x2  
  71  6:18  Siege Tank  
  71  6:25  Supply Depot  
  74  6:27  Supply Depot  
  74  6:29  SCV x2  
  74  6:32  Viking x2  
  80  6:36  Factory Tech Lab  
  80  6:50  Terran Vehicle Weapons Level 1  
  80  6:51  SCV x2  
  82  6:55  Orbital Command  
  82  7:03  Viking x2  
  78  7:36  Viking x2  
  80  7:57  Siege Tank x2, Hellion x2  
  90  8:00  Orbital Command  
  90  8:06  Viking x2  
  94  8:28  SCV x3  
  97  8:36  Viking x2  
  97  8:40  SCV x3  
  97  8:41  Siege Tank x2, Hellion x2  
  108  8:43  Infernal Pre-Igniter  
  108  8:47  Terran Vehicle And Ship Armor Level 1  
  114  8:53  Refinery  
  114  8:54  Refinery  
  114  8:57  Command Center  
  114  9:05  Hellion x2  
  114  9:32  Widow Mine x4  
  122  9:39  Command Center  
  122  9:48  Viking  
  124  9:53  Missile Turret  
  124  9:55  Missile Turret  
  124  10:02  Viking, Hellion x2, Siege Tank x2  
  124  10:03  Supply Depot  
  124  10:04  Supply Depot  
  136  10:10  Missile Turret  
  136  10:12  Missile Turret  
  136  10:18  Missile Turret  
  136  10:20  Missile Turret  
  136  10:23  Missile Turret  
  136  10:29  Hellion x2  
Show
View Real Time Build Order
Export as new Build Order

MattBarry Zerg 

Build Orders: Hatch First 

Get SALT Encoding   

  12  0:00  Drone  
  13  0:14  Overlord  
  13  0:18  Drone  
  14  0:34  Drone  
  14  0:35  Drone  
  16  0:53  Hatchery  
  15  0:59  Drone x2  
  15  1:02  Drone  
  18  1:17  Spawning Pool  
  17  1:23  Drone  
  18  1:33  Extractor  
  18  1:34  Drone  
  18  1:35  Drone  
  19  1:50  Drone  
  20  2:03  Queen  
  20  2:05  Queen  
  24  2:09  Extractor  
  24  2:11  Drone  
  24  2:13  Drone  
  25  2:18  Overlord  
  25  2:20  Drone  
  26  2:24  Drone  
  27  2:43  Zergling x8  
  31  2:49  Drone  
  31  2:50  Drone  
  33  2:53  Metabolic Boost  
  33  3:01  Drone  
  34  3:12  Drone  
  35  3:13  Drone  
  36  3:30  Evolution Chamber  
  35  3:38  Overlord x2  
  35  3:51  Zergling x2  
  35  3:52  Overlord x2  
  36  3:59  Evolution Chamber  
  35  4:07  Drone  
  35  4:08  Drone x2  
  35  4:09  Drone x4  
  42  4:17  Zerg Melee Weapons Level 1  
  39  4:51  Baneling Nest  
  36  4:54  Zerg Ground Armor Level 1  
  36  4:55  Drone  
  36  4:56  Drone  
  40  5:06  Lair  
  38  5:15  Hatchery  
  37  5:27  Drone x3  
  37  5:28  Drone x5  
  45  5:36  Spore Crawler  
  45  5:39  Spore Crawler  
  43  5:43  Spine Crawler  
  43  5:44  Spore Crawler  
  43  5:48  Pneumatized Carapace  
  41  5:51  Drone x4, Overlord  
  45  5:57  Zergling x2  
  45  5:58  Zergling x12  
  52  6:04  Centrifugal Hooks  
  52  6:22  Hatchery  
  51  6:39  Queen  
  53  6:46  Zergling x8  
  53  6:47  Zergling x2  
  58  6:51  Extractor  
  58  6:52  Extractor  
  58  6:54  Drone, Overlord  
  57  7:06  Baneling x11  
  57  7:07  Baneling x8  
  57  7:11  Zergling x2  
  57  7:12  Zergling x10  
  57  7:24  Zergling x6  
  57  7:25  Zergling x2  
  46  8:06  Zergling x2  
  46  8:07  Zergling x28  
  46  8:12  Queen  
  62  8:21  Zerg Melee Weapons Level 2  
  62  8:22  Zerg Ground Armor Level 2  
  62  8:26  Infestation Pit  
  61  8:35  Baneling  
  61  8:36  Baneling x5  
  60  9:01  Zergling x2  
  60  9:02  Zergling x24  
  72  9:04  Overlord x2  
  72  9:16  Overlord x3  
  72  9:23  Spire  
  66  9:58  Zergling x30  
  66  9:59  Zergling x32  
  67  10:50  Zergling x2  
  67  10:51  Zergling x24  
Show
View Real Time Build Order
Export as new Build Order

WaLas Protoss 

Build Orders:  

Get SALT Encoding   

  12  0:04  Probe  
  13  0:31  Probe  
  13  0:33  Pylon  
  14  0:43  Probe  
  15  0:54  Gateway  
  15  0:55  Probe  
  16  1:07  Probe  
  17  1:28  Probe  
  17  1:30  Assimilator  
  18  1:51  Assimilator  
  18  2:11  Pylon  
  18  2:33  Probe  
  18  2:34  Nexus  
  18  2:36  Cybernetics Core  
  19  2:45  Probe  
  19  2:59  Probe (Chrono Boost)  
  20  3:08  Probe (Chrono Boost)  
  21  3:13  Probe (Chrono Boost)  
  21  3:19  Stargate  
  22  3:22  Warp Gate (Chrono Boost)  
  22  3:25  Probe  
  23  3:37  Probe  
  24  3:48  Probe (Chrono Boost)  
  25  3:49  Probe (Chrono Boost)  
  26  3:58  Probe x2 (Chrono Boost)  
  28  4:02  Probe (Chrono Boost)  
  28  4:04  Phoenix  
  31  4:11  Stargate  
  31  4:12  Probe  
  31  4:13  Probe  
  31  4:14  Assimilator  
  33  4:24  Probe  
  34  4:25  Probe  
  35  4:36  Probe  
  35  4:37  Probe  
  37  4:47  Phoenix (Chrono Boost), Assimilator  
  37  4:48  Probe  
  37  4:50  Probe  
  37  4:51  Pylon  
  35  5:00  Phoenix (Chrono Boost), Probe  
  35  5:02  Probe  
  39  5:10  Stalker  
  39  5:12  Probe  
  39  5:14  Probe  
  39  5:24  Probe  
  39  5:26  Probe  
  41  5:33  Phoenix x2  
  45  5:36  Probe  
  45  5:37  Pylon  
  45  5:38  Probe  
  47  5:49  Probe (Chrono Boost)  
  48  5:50  Probe (Chrono Boost)  
  48  5:52  Protoss Air Weapons Level 1  
  49  6:01  Probe (Chrono Boost)  
  49  6:02  Probe (Chrono Boost)  
  51  6:05  Nexus  
  51  6:07  Probe x2 (Chrono Boost)  
  51  6:09  Pylon  
  53  6:15  Probe  
  53  6:16  Probe  
  55  6:22  Pylon  
  55  6:23  Phoenix  
  57  6:27  Probe  
  57  6:28  Phoenix, Probe  
  61  6:39  Probe  
  62  6:41  Probe  
  63  6:49  Pylon  
  63  6:51  Pylon, Probe  
  63  6:53  Probe  
  63  6:54  Phoenix x2  
  69  6:56  Pylon  
  69  7:03  Probe  
  69  7:05  Probe  
  69  7:07  Stargate  
  71  7:09  Pylon  
  71  7:15  Probe  
  72  7:18  Phoenix  
  72  7:25  Phoenix  
  74  7:39  Fleet Beacon, Probe (Chrono Boost)  
  74  7:43  Phoenix (Chrono Boost)  
  79  7:44  Probe x2 (Chrono Boost)  
  73  7:52  Probe x2 (Chrono Boost)  
  73  7:54  Phoenix x2 (Chrono Boost)  
  77  8:05  Phoenix (Chrono Boost)  
  79  8:09  Assimilator  
  79  8:10  Phoenix (Chrono Boost), Assimilator  
  79  8:11  Pylon  
  81  8:14  Forge, Shield Battery  
  81  8:18  Shield Battery  
  81  8:19  Phoenix  
  83  8:22  Anion Pulse-Crystals  
  83  8:27  Probe x2  
  83  8:32  Phoenix  
  87  8:41  Phoenix  
  87  8:44  Phoenix  
  87  8:46  Probe x2  
  91  8:59  Protoss Air Weapons Level 2 (Chrono Boost)  
  91  9:01  Photon Cannon  
  91  9:02  Phoenix, Protoss Shields Level 1  
  91  9:03  Photon Cannon  
  93  9:16  Probe x3  
  96  9:19  Pylon  
  96  9:23  Phoenix  
  98  9:25  Pylon  
  98  9:28  Probe x3  
  101  9:40  Phoenix x2, Probe x2  
  101  9:42  Stalker  
  101  9:45  Shield Battery  
  109  9:55  Phoenix  
  111  10:01  Photon Cannon  
  111  10:04  Photon Cannon, Nexus  
  111  10:06  Pylon  
  111  10:08  Phoenix x2  
  115  10:20  Phoenix  
  117  10:31  Probe x3  
  120  10:43  Assimilator, Probe x3  
  120  10:44  Twilight Council  
  120  10:47  Assimilator  
  120  10:49  Pylon  
  123  10:55  Probe x3  
Show
View Real Time Build Order
Export as new Build Order

Brynn Zerg 

Build Orders: Hatch First 

Get SALT Encoding   

  12  0:00  Drone  
  13  0:12  Overlord  
  13  0:18  Drone  
  14  0:31  Drone x2  
  16  0:51  Hatchery  
  16  0:53  Drone  
  16  0:56  Drone  
  17  1:00  Drone  
  18  1:10  Extractor  
  17  1:16  Spawning Pool  
  16  1:19  Drone  
  16  1:23  Drone  
  18  1:28  Drone  
  19  1:39  Drone  
  20  1:51  Drone  
  21  2:00  Overlord  
  21  2:02  Queen  
  21  2:03  Queen  
  21  2:04  Zergling x2  
  26  2:11  Zergling x2  
  26  2:14  Drone  
  26  2:15  Metabolic Boost  
  28  2:24  Drone  
  28  2:26  Drone  
  30  2:33  Drone  
  30  2:35  Drone  
  32  2:42  Hatchery  
  30  2:46  Drone x2  
  32  2:54  Zergling x2  
  32  2:56  Drone  
  34  3:01  Queen  
  36  3:09  Overlord  
  36  3:19  Overlord  
  36  3:27  Queen  
  36  3:30  Drone x5  
  43  3:39  Overlord  
  43  3:40  Drone  
  44  3:48  Zergling x4  
  46  3:55  Queen  
  48  3:56  Queen  
  48  3:57  Overlord  
  49  4:03  Zergling x2  
  49  4:04  Zergling x4  
  49  4:07  Overlord  
  52  4:14  Drone x3  
  55  4:27  Evolution Chamber, Drone x3  
  55  4:28  Roach Warren  
  55  4:31  Queen  
  57  4:32  Queen  
  57  4:34  Queen  
  61  4:39  Drone x7  
  61  4:44  Overlord  
  68  4:53  Zergling x12  
  68  4:55  Drone  
  75  5:03  Drone x2  
  73  5:07  Spine Crawler  
  72  5:16  Drone x4  
  76  5:22  Drone x2  
  76  5:25  Lair  
  78  5:30  Overlord  
  78  5:33  Drone x2  
  78  5:35  Extractor x2  
  78  5:37  Extractor  
  78  5:38  Drone x2, Extractor  
  78  5:40  Extractor  
  77  5:47  Hatchery, Drone  
  77  5:50  Drone x9  
  86  6:01  Drone x10  
  96  6:14  Spore Crawler  
  96  6:17  Roach  
  97  6:18  Overlord  
  97  6:19  Overlord x3  
  97  6:24  Overlord  
  97  6:28  Spore Crawler  
  96  6:35  Spore Crawler  
  96  6:37  Spine Crawler  
  94  6:40  Roach x10  
  114  7:00  Roach x5  
  124  7:03  Spore Crawler  
  123  7:11  Overlord x2  
  123  7:13  Glial Reconstitution  
  123  7:19  Hydralisk Den  
  123  7:20  Infestation Pit  
  115  7:27  Drone x13  
  128  7:38  Overlord  
  128  7:41  Overlord  
  128  7:43  Drone x5  
  133  7:48  Zerg Missile Weapons Level 1  
  126  8:11  Drone x2  
  128  8:14  Roach x12  
  128  8:15  Ravager  
  128  8:16  Ravager x4  
  157  8:22  Hive  
  157  8:25  Lurker Den  
  157  8:26  Spine Crawler  
  155  8:27  Evolution Chamber  
  155  8:28  Hydralisk x8, Spine Crawler, Grooved Spines  
  155  8:29  Hydralisk  
  155  8:33  Extractor x2  
  169  8:34  Spine Crawler  
  169  8:35  Spine Crawler  
  169  8:36  Spine Crawler  
  166  8:47  Queen  
  168  8:53  Hydralisk x4  
  176  9:03  Overlord x5  
  176  9:21  Overlord x3  
  176  9:26  Ravager x9  
  176  9:27  Roach  
  176  9:28  Roach x2  
  191  9:33  Zergling x18  
  191  9:36  Extractor  
  191  9:37  Hatchery  
  196  9:40  Extractor  
  196  9:43  Spine Crawler  
  194  9:49  Roach Warren  
  189  10:04  Spine Crawler  
  189  10:05  Spine Crawler  
  183  10:07  Evolution Chamber  
  182  10:15  Overlord  
  182  10:19  Drone x3  
  182  10:20  Drone x3  
  188  10:22  Zergling x2  
  188  10:23  Zergling x22  
  195  10:46  Lurker  
Tags
 
Add a new tag
Caveats
  • Supply blocks, unpowered buildings, or Contaminate may cause inaccurate times.
  • Supply counts are checked every 10 seconds.